CAROLINA vs MONTREAL

Created - March-12-21 at 12:44

Goals
1 2 3 T
CAROLINA 2 2 0 4
MONTREAL 1 0 0 1
Shots
1 2 3 T
CAROLINA 10 13 19 42
MONTREAL 10 2 11 23

1st period

1. MONTREAL , Nathan MacKinnon 18 (Max Pacioretty 11, Connor Murphy 11) at 0:16
2. CAROLINA , Patrice Bergeron 8 (Duncan Keith 14) at 12:56
3. CAROLINA , Dominik Kubalik 8 (Brent Burns 39, Nicklas Backstrom 20) at 16:01

Penalties :
Max Pacioretty (MON) for High sticking (Minor) at 2:34, Kyle Clifford (CAR) for Elbowing (Minor) at 8:54, Brent Burns (CAR) for Hooking (Minor) at 17:58

2nd period

4. CAROLINA , Claude Giroux 5 (Brent Burns 40, Shea Weber 17) at 2:27
5. CAROLINA , Shea Weber 8 (Brent Burns 41, Nicklas Backstrom 21) at 2:40

Penalties :
Nathan Beaulieu (MON) for Hooking (Minor) at 17:07

3rd period

No Goal

Penalties :
Nathan Beaulieu (MON) for Hooking (Minor) at 2:35, Robin Lehner (MON) for Slashing (Minor) at 7:11 - Nathan Beaulieu served the penalty., Wayne Simmonds (MON) for Hooking (Minor) at 19:34

Goalie Stats

Sergei Bobrovsky (CAR), 22 saves from 23 shots - (0.957), W, 21-12-2, 60:00 minutes
Robin Lehner (MON), 38 saves from 42 shots - (0.905), L, 15-16-2, 60:00 minutes

Players Stats for CAROLINA

Player Name              G  A  P  +/- PIM S  H  SB GA TA FO     MP     PP MP  PK MP  
------------------------------------------------------------------------------------
Adam Henrique            0  0  0   0  0   3  0  0  0  0  1/2    14:29   0:09   0:00 
Alexander Radulov        0  0  0   2  0   3  1  0  0  0  0/0    18:09   3:46   0:00 
Brent Burns              0  3  3   2  2   2  1  2  0  0  0/0    23:33   4:25   0:39 
Claude Giroux            1  0  1   1  0   2  1  0  0  0  6/12   25:20   4:35   2:24 
Cooper Marody            0  0  0   0  0   0  0  0  0  0  1/1     0:46   0:09   0:00 
Deryk Engelland          0  0  0   1  0   1  1  2  0  0  0/0    21:09   3:56   2:15 
Dominik Kubalik          1  0  1   2  0   2  2  0  0  0  1/2    18:23   3:46   0:14 
Duncan Keith             0  1  1   1  0   0  0  3  0  0  0/0    21:04   3:56   2:10 
Joel L'Esperance         0  0  0   1  0   0  0  0  0  0  0/0     4:43   0:00   0:00 
Kyle Clifford            0  0  0   0  2   3  5  0  0  0  0/0    14:33   0:00   0:14 
Matt Benning             0  0  0   0  0   2  2  0  0  0  0/0    14:13   0:00   0:00 
Matt Martin              0  0  0   1  0   0  0  0  0  0  0/0     4:43   0:00   0:00 
Nicklas Backstrom        0  2  2   2  0   6  1  0  0  0  15/29  19:29   3:46   1:20 
Patrice Bergeron         1  0  1   0  0   3  1  0  0  0  16/25  21:05   4:26   2:24 
Sam Lafferty             0  0  0   0  0   5  1  0  0  0  12/20  14:20   0:00   0:00 
Sebastian Aho            0  0  0   0  0   0  2  0  0  0  0/0    15:08   0:00   0:55 
Shea Weber               1  1  2   2  0   6  0  2  0  0  0/0    24:52   4:25   1:57 
Vladimir Tarasenko       0  0  0   0  0   4  3  0  0  0  1/1    20:01   4:26   1:20 

Players Stats for MONTREAL

Player Name              G  A  P  +/- PIM S  H  SB GA TA FO     MP     PP MP  PK MP  
------------------------------------------------------------------------------------
Alex Iafallo             0  0  0  -1  0   2  1  0  0  0  1/1    11:41   0:00   0:00 
Brock McGinn             0  0  0  -1  0   0  1  0  0  0  0/0    10:14   0:00   4:37 
Connor Murphy            0  1  1   1  0   0  3  4  0  0  0/0    21:03   0:00   4:38 
Erik Gustafsson          0  0  0  -2  0   0  2  0  0  0  0/0    21:19   1:55   4:07 
Joel Armia               0  0  0  -1  0   2  2  0  0  0  0/1    15:44   1:34   2:29 
Keith Yandle             0  0  0  -2  0   0  0  1  0  0  0/0    21:00   2:03   2:04 
Mark Jankowski           0  0  0  -1  0   0  0  0  0  0  0/5     5:48   0:00   0:11 
Max Pacioretty           0  1  1   0  2   2  2  2  0  0  2/3    19:19   2:24   0:53 
Nathan Beaulieu          0  0  0  -2  4   0  0  0  0  0  0/0    14:27   0:00   0:46 
Nathan MacKinnon         1  0  1   0  0   3  0  0  0  0  12/25  18:27   2:24   0:00 
Nino Niederreiter        0  0  0  -1  0   2  0  0  0  0  1/1    14:20   0:00   0:00 
P.K. Subban              0  0  0   1  0   0  1  1  0  0  0/0    25:51   2:03   5:07 
Phillip Danault          0  0  0  -1  0   0  1  2  0  0  11/30  17:22   0:00   5:41 
Roope Hintz              0  0  0  -1  0   4  2  0  0  0  0/2    15:54   1:34   0:00 
Tomas Tatar              0  0  0   0  0   2  1  0  0  0  0/1    18:27   2:24   0:00 
Tony DeAngelo            0  0  0  -2  0   2  2  1  0  0  0/0    16:18   1:55   0:00 
Vincent Trocheck         0  0  0  -1  0   4  2  0  0  0  12/23  18:23   1:34   2:29 
Wayne Simmonds           0  0  0  -1  2   0  1  1  0  0  0/0     5:58   0:00   0:22 

3 Stars

1 - Shea Weber (CAR)
2 - Brent Burns (CAR)
3 - Dominik Kubalik (CAR)

Power Play

CAROLINA - 0 on 5 Attempt(s) - 0.00%
MONTREAL - 0 on 2 Attempt(s) - 0.00%

Penalty Kill

CAROLINA - 2 on 2 Attempt(s) - 100.00% - Score 0 goal in Penalty Kill
MONTREAL - 5 on 5 Attempt(s) - 100.00% - Score 0 goal in Penalty Kill

Team Stat

CAROLINA - Hits : 21 - Faceoff Wins : 53 - Blocked Shots : 9 - Penalty Minutes : 4
MONTREAL - Hits : 21 - Faceoff Wins : 39 - Blocked Shots : 12 - Penalty Minutes : 10

Official

Referees : Ian Walsh and Kevin Pollock
Linesman : Derek Wahl and Darren Gibbs

Game Notes

Connor Murphy is injured at 14:33 of 3rd period (Sprained Right Finger)

Finance

Level 1 -- Attendance: 4238 (70.63%) -- Ticket Income $423,800
Level 2 -- Attendance: 3778 (75.56%) -- Ticket Income $226,680
Level 3 -- Attendance: 1916 (95.80%) -- Ticket Income $67,060
Level 4 -- Attendance: 3701 (92.53%) -- Ticket Income $74,020
Luxury Box -- Attendance: 662 (66.20%) -- Ticket Income $132,400
Game was played at the Bell Centre.
Total Attendance: 14295 (79.42%)
Total Ticket Income: $923,960
Total Income: $923,960

CAROLINA

5 vs 5 Forward 
   Center                   Left Wing                Right Wing               Time % Phy DF OF 
 1 Patrice Bergeron         Claude Giroux            Vladimir Tarasenko       35     1   2  2  
 2 Nicklas Backstrom        Dominik Kubalik          Alexander Radulov        30     1   2  2  
 3 Sam Lafferty             Kyle Clifford            Adam Henrique            25     1   2  2  
 4 Claude Giroux            Matt Martin              Joel L'Esperance         10     1   2  2  

5 vs 5 Defense 
   Defense                  Defense                                           Time % Phy DF OF 
 1 Brent Burns              Shea Weber                                        35     1   2  2  
 2 Duncan Keith             Deryk Engelland                                   30     1   2  2  
 3 Matt Benning             Sebastian Aho                                     25     1   2  2  
 4 Brent Burns              Shea Weber                                        10     1   2  2  

PowerPlay Forward 
   Center                   Left Wing                Right Wing               Time % Phy DF OF 
 1 Patrice Bergeron         Claude Giroux            Vladimir Tarasenko       60     1   2  2  
 2 Nicklas Backstrom        Dominik Kubalik          Alexander Radulov        40     1   2  2  

PowerPlay Defense
   Defense                  Defense                                           Time % Phy DF OF 
 1 Brent Burns              Shea Weber                                        60     1   2  2  
 2 Duncan Keith             Deryk Engelland                                   40     1   2  2  

Penalty Kill 4 Players Forward 
   Center                   Wing                     Time % Phy DF OF 
 1 Claude Giroux            Patrice Bergeron         60     1   2  2  
 2 Nicklas Backstrom        Vladimir Tarasenko       40     1   2  2  

Penalty Kill 4 Players Defense
   Defense                  Defense                  Time % Phy DF OF 
 1 Brent Burns              Shea Weber               60     1   2  2  
 2 Duncan Keith             Deryk Engelland          40     1   2  2  

Penalty Kill - 3 Players Forward 
   Forward                                           Time % Phy DF OF 
 1 Claude Giroux                                     60     1   2  2  
 2 Patrice Bergeron                                  40     1   2  2  

Penalty Kill - 3 Players Defense
   Defense                  Defense                  Time % Phy DF OF 
 1 Brent Burns              Shea Weber               60     1   2  2  
 2 Duncan Keith             Deryk Engelland          40     1   2  2  

4 vs 4 Forward 
   Center                   Wing                     Time % Phy DF OF 
 1 Claude Giroux            Patrice Bergeron         60     1   2  2  
 2 Nicklas Backstrom        Vladimir Tarasenko       40     1   2  2  

4 vs 4 Defense
   Defense                  Defense                  Time % Phy DF OF 
 1 Brent Burns              Shea Weber               60     1   2  2  
 2 Duncan Keith             Deryk Engelland          40     1   2  2  

Last Minutes Offensive
   Center                   Left Wing                Right Wing               Defense                  Defense                  
   Patrice Bergeron         Claude Giroux            Vladimir Tarasenko       Brent Burns              Shea Weber               

Last Minutes Defensive
   Center                   Left Wing                Right Wing               Defense                  Defense                  
   Patrice Bergeron         Claude Giroux            Vladimir Tarasenko       Brent Burns              Shea Weber               

Goaltenders
Starting : Sergei Bobrovsky         
Backup : Samuel Montembeault      

Extra Forwards
Normal : Cooper Marody, Adam Henrique, Kyle Clifford - PP : Cooper Marody, Adam Henrique - PK : Kyle Clifford
Extra Defensemen
Normal : Matt Benning, Sebastian Aho, Duncan Keith - PP : Matt Benning - PK : Sebastian Aho, Duncan Keith
Penalty Shots
Claude Giroux, Patrice Bergeron, Nicklas Backstrom, Vladimir Tarasenko, Alexander Radulov

Scratches
CAR Cap Hit (Healthy)

MONTREAL

5 vs 5 Forward 
   Center                   Left Wing                Right Wing               Time % Phy DF OF 
 1 Nathan MacKinnon         Max Pacioretty           Tomas Tatar              33     0   1  4  
 2 Vincent Trocheck         Roope Hintz              Nino Niederreiter        30     0   2  3  
 3 Phillip Danault          Alex Iafallo             Joel Armia               25     1   2  2  
 4 Mark Jankowski           Brock McGinn             Wayne Simmonds           12     2   2  1  

5 vs 5 Defense 
   Defense                  Defense                                           Time % Phy DF OF 
 1 P.K. Subban              Connor Murphy                                     37     0   2  3  
 2 Keith Yandle             Erik Gustafsson                                   32     0   2  3  
 3 Tony DeAngelo            Nathan Beaulieu                                   25     1   2  2  
 4 P.K. Subban              Connor Murphy                                     6      1   3  1  

PowerPlay Forward 
   Center                   Left Wing                Right Wing               Time % Phy DF OF 
 1 Nathan MacKinnon         Tomas Tatar              Max Pacioretty           60     0   1  4  
 2 Vincent Trocheck         Joel Armia               Roope Hintz              40     0   1  4  

PowerPlay Defense
   Defense                  Defense                                           Time % Phy DF OF 
 1 Keith Yandle             P.K. Subban                                       60     0   1  4  
 2 Tony DeAngelo            Erik Gustafsson                                   40     0   2  3  

Penalty Kill 4 Players Forward 
   Center                   Wing                     Time % Phy DF OF 
 1 Phillip Danault          Brock McGinn             60     0   4  1  
 2 Vincent Trocheck         Joel Armia               40     0   4  1  

Penalty Kill 4 Players Defense
   Defense                  Defense                  Time % Phy DF OF 
 1 Connor Murphy            P.K. Subban              60     1   3  1  
 2 Erik Gustafsson          Nathan Beaulieu          40     1   3  1  

Penalty Kill - 3 Players Forward 
   Forward                                           Time % Phy DF OF 
 1 Phillip Danault                                   60     0   5  0  
 2 Vincent Trocheck                                  40     0   5  0  

Penalty Kill - 3 Players Defense
   Defense                  Defense                  Time % Phy DF OF 
 1 Connor Murphy            P.K. Subban              60     1   4  0  
 2 Erik Gustafsson          Nathan Beaulieu          40     1   4  0  

4 vs 4 Forward 
   Center                   Wing                     Time % Phy DF OF 
 1 Nathan MacKinnon         Max Pacioretty           60     0   1  4  
 2 Vincent Trocheck         Tomas Tatar              40     0   2  3  

4 vs 4 Defense
   Defense                  Defense                  Time % Phy DF OF 
 1 P.K. Subban              Keith Yandle             60     0   2  3  
 2 Erik Gustafsson          Tony DeAngelo            40     1   2  2  

Last Minutes Offensive
   Center                   Left Wing                Right Wing               Defense                  Defense                  
   Nathan MacKinnon         Tomas Tatar              Max Pacioretty           Tony DeAngelo            P.K. Subban              

Last Minutes Defensive
   Center                   Left Wing                Right Wing               Defense                  Defense                  
   Phillip Danault          Brock McGinn             Vincent Trocheck         P.K. Subban              Connor Murphy            

Goaltenders
Starting : Robin Lehner             
Backup : Thomas Greiss            

Extra Forwards
Normal : Nathan MacKinnon, Max Pacioretty, Roope Hintz - PP : Alex Iafallo, Roope Hintz - PK : Brock McGinn
Extra Defensemen
Normal : Tony DeAngelo, P.K. Subban, Keith Yandle - PP : Tony DeAngelo - PK : Connor Murphy, P.K. Subban
Penalty Shots
Nathan MacKinnon, Max Pacioretty, Tomas Tatar, Roope Hintz, Vincent Trocheck

Scratches
MTL Cap Hit (Suspend)

% Time on Ice - CAROLINA

Lines # - Real PCT - Wanted PCT - Time Play
Normal Forward
1 - 30% - 35% - 14:15
2 - 30% - 30% - 14:23
3 - 30% - 25% - 14:20
4 - 10% - 10% - 4:43
Normal Defense
1 - 35% - 35% - 16:45
2 - 31% - 30% - 14:58
3 - 30% - 25% - 14:13
4 - 4% - 10% - 1:45
PP Forward
1 - 55% - 60% - 4:35
2 - 45% - 40% - 3:46
PP Defense
1 - 53% - 60% - 4:25
2 - 47% - 40% - 3:56
PK Forward
1 - 66% - 60% - 2:38
2 - 34% - 40% - 1:20
PK Defense
1 - 49% - 60% - 1:57
2 - 51% - 40% - 2:01
PK3 Forward
1 - 0% - 60%
2 - 0% - 40%
PK3 Defense
1 - 0% - 60%
2 - 0% - 40%
44 Forward
1 - 0% - 60%
2 - 0% - 40%
44 Defense
1 - 0% - 60%
2 - 0% - 40%
Last Minute Offensive  - 0:00
Last Minute Defensive  - 0:00
Total
Forward - 60:00
Defense - 60:00

% Time on Ice - MONTREAL

Lines # - Real PCT - Wanted PCT - Time Play
Normal Forward
1 - 34% - 33% - 16:03
2 - 30% - 30% - 14:20
3 - 25% - 25% - 11:41
4 - 12% - 12% - 5:37
Normal Defense
1 - 38% - 37% - 18:01
2 - 32% - 32% - 15:17
3 - 29% - 25% - 13:43
4 - 1% - 6% - 0:40
PP Forward
1 - 61% - 60% - 2:24
2 - 39% - 40% - 1:34
PP Defense
1 - 52% - 60% - 2:03
2 - 48% - 40% - 1:55
PK Forward
1 - 70% - 60% - 5:52
2 - 30% - 40% - 2:29
PK Defense
1 - 36% - 60% - 3:02
2 - 64% - 40% - 5:19
PK3 Forward
1 - 0% - 60%
2 - 0% - 40%
PK3 Defense
1 - 0% - 60%
2 - 0% - 40%
44 Forward
1 - 0% - 60%
2 - 0% - 40%
44 Defense
1 - 0% - 60%
2 - 0% - 40%
Last Minute Offensive  - 0:00
Last Minute Defensive  - 0:00
Total
Forward - 60:00
Defense - 60:00

Play-by-Play

1st period


0:01 of 1st period - Patrice Bergeron wins face-off versus Nathan MacKinnon in neutral zone.
0:14 of 1st period - Shot by Max Pacioretty.
0:14 of 1st period - Shot Blocked by Shea Weber.
0:16 of 1st period - Shot by Nathan MacKinnon.
0:16 of 1st period - Goal by Nathan MacKinnon - CAROLINA : 0 - MONTREAL : 1.
0:17 of 1st period - Vincent Trocheck wins face-off versus Dominik Kubalik in neutral zone.
1:12 of 1st period - Icing by Dominik Kubalik.
1:13 of 1st period - Nicklas Backstrom wins face-off versus Mark Jankowski in CAROLINA zone.
2:19 of 1st period - Shot by Nathan MacKinnon.
2:19 of 1st period - Shot Misses the Net.
2:34 of 1st period - Minor Penalty to Max Pacioretty for High sticking.
2:35 of 1st period - Patrice Bergeron wins face-off versus Phillip Danault in MONTREAL zone.
3:31 of 1st period - Icing by Patrice Bergeron.
3:32 of 1st period - Patrice Bergeron wins face-off versus Phillip Danault in CAROLINA zone.
4:42 of 1st period - Shot by Matt Benning.
4:42 of 1st period - Stopped by Robin Lehner with a rebound.
4:47 of 1st period - Off-side.
4:48 of 1st period - Vincent Trocheck wins face-off versus Sam Lafferty in neutral zone.
4:48 of 1st period - Nino Niederreiter is hit by Kyle Clifford and loses puck.
5:22 of 1st period - Roope Hintz is hit by Kyle Clifford and loses puck.
5:29 of 1st period - Icing by Sam Lafferty.
5:30 of 1st period - Sam Lafferty wins face-off versus Phillip Danault in CAROLINA zone.
5:30 of 1st period - Sam Lafferty is hit by Phillip Danault.
5:46 of 1st period - Sebastian Aho is hit by Joel Armia and loses puck.
5:58 of 1st period - Icing by Adam Henrique.
5:59 of 1st period - Nathan MacKinnon wins face-off versus Sam Lafferty in CAROLINA zone.
5:59 of 1st period - Nathan MacKinnon is hit by Matt Benning.
6:07 of 1st period - Shot by Tomas Tatar.
6:07 of 1st period - Stopped by Sergei Bobrovsky without a rebound.
6:08 of 1st period - Nathan MacKinnon wins face-off versus Patrice Bergeron in CAROLINA zone.
6:09 of 1st period - Shot by Max Pacioretty.
6:09 of 1st period - Stopped by Sergei Bobrovsky without a rebound.
6:10 of 1st period - Phillip Danault wins face-off versus Patrice Bergeron in CAROLINA zone.
6:15 of 1st period - Shot by Joel Armia.
6:15 of 1st period - Stopped by Sergei Bobrovsky without a rebound.
6:16 of 1st period - Patrice Bergeron wins face-off versus Phillip Danault in CAROLINA zone.
6:49 of 1st period - Shot by Patrice Bergeron.
6:49 of 1st period - Shot Misses the Net.
6:53 of 1st period - Shot by Patrice Bergeron.
6:53 of 1st period - Stopped by Robin Lehner without a rebound.
6:54 of 1st period - Nicklas Backstrom wins face-off versus Nathan MacKinnon in MONTREAL zone.
7:25 of 1st period - Shot by Dominik Kubalik.
7:25 of 1st period - Deflect By Nicklas Backstrom.
7:25 of 1st period - Shot Misses the Net.
7:27 of 1st period - Shot by Duncan Keith.
7:27 of 1st period - Shot Misses the Net.
7:33 of 1st period - Shot by Nicklas Backstrom.
7:33 of 1st period - Shot Misses the Net.
7:49 of 1st period - Nicklas Backstrom is hit by Max Pacioretty and loses puck.
8:02 of 1st period - Shot by Claude Giroux.
8:02 of 1st period - Shot Misses the Net.
8:04 of 1st period - Shot by Shea Weber.
8:04 of 1st period - Stopped by Robin Lehner without a rebound.
8:05 of 1st period - Patrice Bergeron wins face-off versus Vincent Trocheck in MONTREAL zone.
8:10 of 1st period - Shot by Vladimir Tarasenko.
8:10 of 1st period - Stopped by Robin Lehner with a rebound.
8:24 of 1st period - Brent Burns is hit by Vincent Trocheck and loses puck.
8:43 of 1st period - Shot by Patrice Bergeron.
8:43 of 1st period - Shot Misses the Net.
8:50 of 1st period - Icing by Vincent Trocheck.
8:51 of 1st period - Vincent Trocheck wins face-off versus Sam Lafferty in MONTREAL zone.
8:51 of 1st period - Vincent Trocheck is hit by Sam Lafferty.
8:54 of 1st period - Minor Penalty to Kyle Clifford for Elbowing.
8:55 of 1st period - Nathan MacKinnon wins face-off versus Claude Giroux in CAROLINA zone.
8:56 of 1st period - Shot by Tony DeAngelo.
8:56 of 1st period - Stopped by Sergei Bobrovsky without a rebound.
8:57 of 1st period - Nathan MacKinnon wins face-off versus Claude Giroux in CAROLINA zone.
9:04 of 1st period - Shot by Nathan MacKinnon.
9:04 of 1st period - Stopped by Sergei Bobrovsky with a rebound.
9:12 of 1st period - Shot by Erik Gustafsson.
9:12 of 1st period - Shot Misses the Net.
9:14 of 1st period - Shot by Tony DeAngelo.
9:14 of 1st period - Shot Misses the Net.
10:02 of 1st period - Shot by Joel Armia.
10:02 of 1st period - Shot Blocked by Duncan Keith.
10:06 of 1st period - Shot by P.K. Subban.
10:06 of 1st period - Shot Misses the Net.
10:30 of 1st period - Brent Burns is hit by Max Pacioretty.
10:57 of 1st period - Vincent Trocheck is hit by Sebastian Aho.
11:18 of 1st period - Shot by Adam Henrique.
11:18 of 1st period - Shot Misses the Net.
11:20 of 1st period - Shot by Kyle Clifford.
11:20 of 1st period - Deflect By Adam Henrique.
11:20 of 1st period - Shot Hit the Post.
11:22 of 1st period - Shot by Matt Benning.
11:22 of 1st period - Shot Blocked by Connor Murphy.
11:24 of 1st period - Shot by Matt Benning.
11:24 of 1st period - Shot Blocked by P.K. Subban.
11:26 of 1st period - Shot by Sebastian Aho.
11:26 of 1st period - Shot Blocked by Connor Murphy.
11:28 of 1st period - Shot by Kyle Clifford.
11:28 of 1st period - Shot Blocked by Connor Murphy.
11:54 of 1st period - Shot by Nicklas Backstrom.
11:54 of 1st period - Stopped by Robin Lehner without a rebound.
11:55 of 1st period - Cooper Marody wins face-off versus Phillip Danault in MONTREAL zone.
12:18 of 1st period - Shot by Joel L'Esperance.
12:18 of 1st period - Shot Blocked by Phillip Danault.
12:29 of 1st period - Phillip Danault is hit by Brent Burns.
12:31 of 1st period - Shot by Alex Iafallo.
12:31 of 1st period - Stopped by Sergei Bobrovsky without a rebound.
12:32 of 1st period - Nino Niederreiter wins face-off versus Nicklas Backstrom in CAROLINA zone.
12:41 of 1st period - Shot by Nicklas Backstrom.
12:41 of 1st period - Stopped by Robin Lehner without a rebound.
12:42 of 1st period - Sam Lafferty wins face-off versus Nathan MacKinnon in MONTREAL zone.
12:43 of 1st period - Shot by Adam Henrique.
12:43 of 1st period - Shot Misses the Net.
12:52 of 1st period - Icing by Keith Yandle.
12:53 of 1st period - Patrice Bergeron wins face-off versus Nathan MacKinnon in MONTREAL zone.
12:56 of 1st period - Shot by Patrice Bergeron.
12:56 of 1st period - Goal by Patrice Bergeron - CAROLINA : 1 - MONTREAL : 1.
12:57 of 1st period - Patrice Bergeron wins face-off versus Nathan MacKinnon in neutral zone.
13:07 of 1st period - Off-side.
13:08 of 1st period - Vincent Trocheck wins face-off versus Nicklas Backstrom in neutral zone.
13:41 of 1st period - Icing by Tony DeAngelo.
13:42 of 1st period - Vincent Trocheck wins face-off versus Patrice Bergeron in MONTREAL zone.
14:29 of 1st period - Shot by P.K. Subban.
14:29 of 1st period - Shot Misses the Net.
14:31 of 1st period - Shot by P.K. Subban.
14:31 of 1st period - Shot Blocked by Duncan Keith.
15:46 of 1st period - Shea Weber is hit by Brock McGinn and loses puck.
16:01 of 1st period - Shot by Dominik Kubalik.
16:01 of 1st period - Goal by Dominik Kubalik - CAROLINA : 2 - MONTREAL : 1.
16:02 of 1st period - Vincent Trocheck wins face-off versus Sam Lafferty in neutral zone.
16:20 of 1st period - Shot by Vincent Trocheck.
16:20 of 1st period - Stopped by Sergei Bobrovsky without a rebound.
16:21 of 1st period - Nathan MacKinnon wins face-off versus Nicklas Backstrom in CAROLINA zone.
16:37 of 1st period - Alexander Radulov is hit by Erik Gustafsson and loses puck.
16:53 of 1st period - Icing by Keith Yandle.
16:54 of 1st period - Sam Lafferty wins face-off versus Nathan MacKinnon in MONTREAL zone.
16:55 of 1st period - Shot by Adam Henrique.
16:55 of 1st period - Stopped by Robin Lehner without a rebound.
16:56 of 1st period - Phillip Danault wins face-off versus Sam Lafferty in MONTREAL zone.
16:56 of 1st period - Phillip Danault is hit by Kyle Clifford.
17:24 of 1st period - Shot by Adam Henrique.
17:24 of 1st period - Deflect By Kyle Clifford.
17:24 of 1st period - Stopped by Robin Lehner without a rebound.
17:25 of 1st period - Vincent Trocheck wins face-off versus Nicklas Backstrom in MONTREAL zone.
17:25 of 1st period - Vincent Trocheck is hit by Dominik Kubalik.
17:38 of 1st period - Icing by Nathan Beaulieu.
17:39 of 1st period - Claude Giroux wins face-off versus Vincent Trocheck in MONTREAL zone.
17:53 of 1st period - Shot by Roope Hintz.
17:53 of 1st period - Stopped by Sergei Bobrovsky without a rebound.
17:54 of 1st period - Nathan MacKinnon wins face-off versus Nicklas Backstrom in CAROLINA zone.
17:55 of 1st period - Shot by Max Pacioretty.
17:55 of 1st period - Deflect By Tomas Tatar.
17:55 of 1st period - Stopped by Sergei Bobrovsky without a rebound.
17:56 of 1st period - Nathan MacKinnon wins face-off versus Nicklas Backstrom in CAROLINA zone.
17:58 of 1st period - Minor Penalty to Brent Burns for Hooking.
17:59 of 1st period - Nathan MacKinnon wins face-off versus Claude Giroux in CAROLINA zone.
18:00 of 1st period - Shot by Max Pacioretty.
18:00 of 1st period - Shot Misses the Net.
18:02 of 1st period - Shot by Nathan MacKinnon.
18:02 of 1st period - Shot Misses the Net.
19:57 of 1st period - Shot by Keith Yandle.
19:57 of 1st period - Shot Blocked by Deryk Engelland.
Goals for this period are 2 for CAROLINA vs 1 for MONTREAL.
Shots for this period are 10 for CAROLINA vs 10 for MONTREAL.

2nd period


0:01 of 2nd period - Patrice Bergeron wins face-off versus Nathan MacKinnon in neutral zone.
0:06 of 2nd period - Shot by Vladimir Tarasenko.
0:06 of 2nd period - Shot Misses the Net.
1:34 of 2nd period - Shot by Alexander Radulov.
1:34 of 2nd period - Shot Misses the Net.
1:36 of 2nd period - Shot by Alexander Radulov.
1:36 of 2nd period - Shot Blocked by Max Pacioretty.
1:45 of 2nd period - Icing by Connor Murphy.
1:46 of 2nd period - Sam Lafferty wins face-off versus Nathan MacKinnon in MONTREAL zone.
2:07 of 2nd period - Shot by Sam Lafferty.
2:07 of 2nd period - Stopped by Robin Lehner without a rebound.
2:08 of 2nd period - Claude Giroux wins face-off versus Roope Hintz in MONTREAL zone.
2:27 of 2nd period - Shot by Claude Giroux.
2:27 of 2nd period - Goal by Claude Giroux - CAROLINA : 3 - MONTREAL : 1.
2:28 of 2nd period - Phillip Danault wins face-off versus Adam Henrique in neutral zone.
2:28 of 2nd period - Alex Iafallo is hit by Kyle Clifford and loses puck.
2:36 of 2nd period - Icing by Nathan Beaulieu.
2:37 of 2nd period - Nicklas Backstrom wins face-off versus Phillip Danault in MONTREAL zone.
2:40 of 2nd period - Shot by Shea Weber.
2:40 of 2nd period - Goal by Shea Weber - CAROLINA : 4 - MONTREAL : 1.
2:41 of 2nd period - Vladimir Tarasenko wins face-off versus Vincent Trocheck in neutral zone.
3:00 of 2nd period - Shot by Vladimir Tarasenko.
3:00 of 2nd period - Shot Blocked by Keith Yandle.
3:23 of 2nd period - Patrice Bergeron is hit by Erik Gustafsson and loses puck.
3:58 of 2nd period - Shot by Alexander Radulov.
3:58 of 2nd period - Stopped by Robin Lehner without a rebound.
3:59 of 2nd period - Sam Lafferty wins face-off versus Mark Jankowski in MONTREAL zone.
4:13 of 2nd period - Shot by Kyle Clifford.
4:13 of 2nd period - Shot Blocked by Wayne Simmonds.
4:15 of 2nd period - Shot by Adam Henrique.
4:15 of 2nd period - Deflect By Sam Lafferty.
4:15 of 2nd period - Stopped by Robin Lehner with a rebound.
4:17 of 2nd period - Shot by Kyle Clifford.
4:17 of 2nd period - Shot Blocked by Tony DeAngelo.
4:27 of 2nd period - Shot by Kyle Clifford.
4:27 of 2nd period - Shot Misses the Net.
4:29 of 2nd period - Shot by Matt Benning.
4:29 of 2nd period - Shot Misses the Net.
4:31 of 2nd period - Shot by Sam Lafferty.
4:31 of 2nd period - Stopped by Robin Lehner without a rebound.
4:32 of 2nd period - Nicklas Backstrom wins face-off versus Joel Armia in MONTREAL zone.
4:43 of 2nd period - Shot by Alexander Radulov.
4:43 of 2nd period - Stopped by Robin Lehner without a rebound.
4:44 of 2nd period - Claude Giroux wins face-off versus Nathan MacKinnon in MONTREAL zone.
5:02 of 2nd period - Shot by Claude Giroux.
5:02 of 2nd period - Shot Misses the Net.
5:20 of 2nd period - Shot by Nathan MacKinnon.
5:20 of 2nd period - Shot Misses the Net.
6:13 of 2nd period - Shot by Nicklas Backstrom.
6:13 of 2nd period - Stopped by Robin Lehner without a rebound.
6:14 of 2nd period - Vincent Trocheck wins face-off versus Sam Lafferty in MONTREAL zone.
7:34 of 2nd period - Duncan Keith is hit by Tomas Tatar and loses puck.
7:47 of 2nd period - Shot by Max Pacioretty.
7:47 of 2nd period - Shot Blocked by Deryk Engelland.
7:49 of 2nd period - Shot by Max Pacioretty.
7:49 of 2nd period - Stopped by Sergei Bobrovsky without a rebound.
7:50 of 2nd period - Phillip Danault wins face-off versus Patrice Bergeron in CAROLINA zone.
8:24 of 2nd period - Phillip Danault is hit by Vladimir Tarasenko and loses puck.
9:10 of 2nd period - Brent Burns is hit by Wayne Simmonds and loses puck.
9:57 of 2nd period - Adam Henrique is hit by Tony DeAngelo.
10:14 of 2nd period - Off-side.
10:15 of 2nd period - Nathan MacKinnon wins face-off versus Nicklas Backstrom in neutral zone.
10:31 of 2nd period - Icing by Nicklas Backstrom.
10:32 of 2nd period - Dominik Kubalik wins face-off versus Phillip Danault in CAROLINA zone.
10:32 of 2nd period - Dominik Kubalik is hit by Joel Armia.
10:50 of 2nd period - Shot by Phillip Danault.
10:50 of 2nd period - Shot Misses the Net.
11:11 of 2nd period - Off-side.
11:12 of 2nd period - Sam Lafferty wins face-off versus Vincent Trocheck in neutral zone.
11:12 of 2nd period - Sam Lafferty is hit by Roope Hintz.
11:21 of 2nd period - Adam Henrique is hit by Roope Hintz and loses puck.
11:38 of 2nd period - Shot by Kyle Clifford.
11:38 of 2nd period - Shot Misses the Net.
12:04 of 2nd period - Shot by Max Pacioretty.
12:04 of 2nd period - Shot Misses the Net.
12:21 of 2nd period - Icing by Matt Benning.
12:22 of 2nd period - Phillip Danault wins face-off versus Sam Lafferty in CAROLINA zone.
12:55 of 2nd period - Shot by Vladimir Tarasenko.
12:55 of 2nd period - Deflect By Patrice Bergeron.
12:55 of 2nd period - Stopped by Robin Lehner without a rebound.
12:56 of 2nd period - Nathan MacKinnon wins face-off versus Nicklas Backstrom in MONTREAL zone.
12:56 of 2nd period - Max Pacioretty is hit by Nicklas Backstrom and loses puck.
13:05 of 2nd period - Shot by Nathan MacKinnon.
13:05 of 2nd period - Shot Blocked by Duncan Keith.
13:07 of 2nd period - Shot by Tony DeAngelo.
13:07 of 2nd period - Stopped by Sergei Bobrovsky without a rebound.
13:08 of 2nd period - Patrice Bergeron wins face-off versus Vincent Trocheck in CAROLINA zone.
13:08 of 2nd period - Patrice Bergeron is hit by Vincent Trocheck.
13:20 of 2nd period - Icing by Vincent Trocheck.
13:21 of 2nd period - Nicklas Backstrom wins face-off versus Roope Hintz in MONTREAL zone.
14:18 of 2nd period - Icing by Deryk Engelland.
14:19 of 2nd period - Nicklas Backstrom wins face-off versus Phillip Danault in CAROLINA zone.
14:19 of 2nd period - Nicklas Backstrom is hit by Alex Iafallo.
14:46 of 2nd period - Shot by Tony DeAngelo.
14:46 of 2nd period - Shot Misses the Net.
14:54 of 2nd period - Shot by Claude Giroux.
14:54 of 2nd period - Deflect By Patrice Bergeron.
14:54 of 2nd period - Shot Misses the Net.
14:56 of 2nd period - Shot by Vladimir Tarasenko.
14:56 of 2nd period - Stopped by Robin Lehner without a rebound.
14:57 of 2nd period - Sam Lafferty wins face-off versus Nathan MacKinnon in MONTREAL zone.
15:02 of 2nd period - Shot by Kyle Clifford.
15:02 of 2nd period - Stopped by Robin Lehner without a rebound.
15:03 of 2nd period - Nathan MacKinnon wins face-off versus Patrice Bergeron in MONTREAL zone.
15:10 of 2nd period - Shot by Tomas Tatar.
15:10 of 2nd period - Shot Blocked by Shea Weber.
15:32 of 2nd period - Shot by Nathan MacKinnon.
15:32 of 2nd period - Shot Blocked by Brent Burns.
15:43 of 2nd period - Shot by Nathan MacKinnon.
15:43 of 2nd period - Shot Misses the Net.
16:58 of 2nd period - Off-side.
16:59 of 2nd period - Nicklas Backstrom wins face-off versus Phillip Danault in neutral zone.
17:07 of 2nd period - Minor Penalty to Nathan Beaulieu for Hooking.
17:08 of 2nd period - Phillip Danault wins face-off versus Claude Giroux in MONTREAL zone.
18:02 of 2nd period - Vincent Trocheck is hit by Deryk Engelland and loses puck.
18:25 of 2nd period - Shot by Alexander Radulov.
18:25 of 2nd period - Shot Misses the Net.
19:00 of 2nd period - P.K. Subban is hit by Patrice Bergeron and loses puck.
19:05 of 2nd period - Shot by Brent Burns.
19:05 of 2nd period - Stopped by Robin Lehner without a rebound.
19:06 of 2nd period - Vincent Trocheck wins face-off versus Patrice Bergeron in MONTREAL zone.
19:06 of 2nd period - Vincent Trocheck is hit by Vladimir Tarasenko.
19:11 of 2nd period - Erik Gustafsson is hit by Kyle Clifford and loses puck.
19:16 of 2nd period - Shot by Adam Henrique.
19:16 of 2nd period - Shot Misses the Net.
19:18 of 2nd period - Shot by Kyle Clifford.
19:18 of 2nd period - Deflect By Sam Lafferty.
19:18 of 2nd period - Shot Misses the Net.
19:28 of 2nd period - Shot by Adam Henrique.
19:28 of 2nd period - Deflect By Sam Lafferty.
19:28 of 2nd period - Shot Misses the Net.
19:30 of 2nd period - Shot by Sam Lafferty.
19:30 of 2nd period - Deflect By Adam Henrique.
19:30 of 2nd period - Shot Misses the Net.
19:32 of 2nd period - Shot by Adam Henrique.
19:32 of 2nd period - Stopped by Robin Lehner without a rebound.
19:33 of 2nd period - Nathan MacKinnon wins face-off versus Claude Giroux in MONTREAL zone.
Goals for this period are 2 for CAROLINA vs 0 for MONTREAL.
Shots for this period are 13 for CAROLINA vs 2 for MONTREAL.

3rd period


0:01 of 3rd period - Max Pacioretty wins face-off versus Patrice Bergeron in neutral zone.
0:23 of 3rd period - Icing by Shea Weber.
0:24 of 3rd period - Patrice Bergeron wins face-off versus Phillip Danault in CAROLINA zone.
0:29 of 3rd period - Alex Iafallo is hit by Vladimir Tarasenko and loses puck.
1:34 of 3rd period - Duncan Keith is hit by Connor Murphy and loses puck.
1:40 of 3rd period - Alexander Radulov is hit by Connor Murphy and loses puck.
1:49 of 3rd period - Shot by Alexander Radulov.
1:49 of 3rd period - Shot Misses the Net.
2:08 of 3rd period - Adam Henrique is hit by Connor Murphy and loses puck.
2:13 of 3rd period - Shot by Sam Lafferty.
2:13 of 3rd period - Stopped by Robin Lehner with a rebound.
2:15 of 3rd period - Shot by Sam Lafferty.
2:15 of 3rd period - Stopped by Robin Lehner without a rebound.
2:16 of 3rd period - Sam Lafferty wins face-off versus Vincent Trocheck in MONTREAL zone.
2:29 of 3rd period - Shot by Kyle Clifford.
2:29 of 3rd period - Stopped by Robin Lehner without a rebound.
2:30 of 3rd period - Claude Giroux wins face-off versus Mark Jankowski in MONTREAL zone.
2:35 of 3rd period - Shot by Claude Giroux.
2:35 of 3rd period - Stopped by Robin Lehner without a rebound.
2:35 of 3rd period - Minor Penalty to Nathan Beaulieu for Hooking.
2:36 of 3rd period - Nicklas Backstrom wins face-off versus Phillip Danault in MONTREAL zone.
2:51 of 3rd period - Shot by Shea Weber.
2:51 of 3rd period - Stopped by Robin Lehner without a rebound.
2:52 of 3rd period - Patrice Bergeron wins face-off versus Phillip Danault in MONTREAL zone.
3:09 of 3rd period - Shot by Vladimir Tarasenko.
3:09 of 3rd period - Stopped by Robin Lehner with a rebound.
3:11 of 3rd period - Shot by Duncan Keith.
3:11 of 3rd period - Shot Misses the Net.
3:13 of 3rd period - Shot by Deryk Engelland.
3:13 of 3rd period - Stopped by Robin Lehner without a rebound.
3:14 of 3rd period - Phillip Danault wins face-off versus Nicklas Backstrom in MONTREAL zone.
3:14 of 3rd period - Phillip Danault is hit by Alexander Radulov.
3:33 of 3rd period - Off-side.
3:34 of 3rd period - Patrice Bergeron wins face-off versus Phillip Danault in neutral zone.
3:50 of 3rd period - Icing by Duncan Keith.
3:51 of 3rd period - Phillip Danault wins face-off versus Patrice Bergeron in CAROLINA zone.
4:18 of 3rd period - Shot by Vladimir Tarasenko.
4:18 of 3rd period - Stopped by Robin Lehner without a rebound.
4:19 of 3rd period - Nicklas Backstrom wins face-off versus Vincent Trocheck in MONTREAL zone.
4:20 of 3rd period - Shot by Shea Weber.
4:20 of 3rd period - Shot Misses the Net.
4:22 of 3rd period - Shot by Shea Weber.
4:22 of 3rd period - Stopped by Robin Lehner with a rebound.
4:24 of 3rd period - Shot by Shea Weber.
4:24 of 3rd period - Shot Misses the Net.
4:26 of 3rd period - Shot by Nicklas Backstrom.
4:26 of 3rd period - Stopped by Robin Lehner with a rebound.
4:28 of 3rd period - Shot by Brent Burns.
4:28 of 3rd period - Stopped by Robin Lehner without a rebound.
4:29 of 3rd period - Nicklas Backstrom wins face-off versus Vincent Trocheck in MONTREAL zone.
4:42 of 3rd period - Shot by Adam Henrique.
4:42 of 3rd period - Shot Blocked by Max Pacioretty.
4:58 of 3rd period - Shot by Matt Benning.
4:58 of 3rd period - Stopped by Robin Lehner without a rebound.
4:59 of 3rd period - Patrice Bergeron wins face-off versus Vincent Trocheck in MONTREAL zone.
5:10 of 3rd period - Shot by Vincent Trocheck.
5:10 of 3rd period - Stopped by Sergei Bobrovsky without a rebound.
5:11 of 3rd period - Nicklas Backstrom wins face-off versus Phillip Danault in CAROLINA zone.
5:22 of 3rd period - Shot by Alex Iafallo.
5:22 of 3rd period - Shot Misses the Net.
6:52 of 3rd period - Icing by Vincent Trocheck.
6:53 of 3rd period - Sam Lafferty wins face-off versus Vincent Trocheck in MONTREAL zone.
6:54 of 3rd period - Shot by Adam Henrique.
6:54 of 3rd period - Stopped by Robin Lehner without a rebound.
6:55 of 3rd period - Sam Lafferty wins face-off versus Nathan MacKinnon in MONTREAL zone.
6:59 of 3rd period - Icing by Nathan Beaulieu.
7:00 of 3rd period - Nicklas Backstrom wins face-off versus Max Pacioretty in MONTREAL zone.
7:11 of 3rd period - Shot by Alexander Radulov.
7:11 of 3rd period - Stopped by Robin Lehner without a rebound.
7:11 of 3rd period - Minor Penalty to Robin Lehner for Slashing.
7:12 of 3rd period - Patrice Bergeron wins face-off versus Phillip Danault in MONTREAL zone.
7:12 of 3rd period - Patrice Bergeron is hit by P.K. Subban.
9:05 of 3rd period - Shot by Shea Weber.
9:05 of 3rd period - Stopped by Robin Lehner without a rebound.
9:06 of 3rd period - Phillip Danault wins face-off versus Nicklas Backstrom in MONTREAL zone.
9:06 of 3rd period - Max Pacioretty is hit by Dominik Kubalik and loses puck.
9:14 of 3rd period - Alexander Radulov is hit by Tony DeAngelo and loses puck.
9:31 of 3rd period - Shot by Tomas Tatar.
9:31 of 3rd period - Deflect By Nathan MacKinnon.
9:31 of 3rd period - Shot Misses the Net.
9:33 of 3rd period - Shot by Nathan MacKinnon.
9:33 of 3rd period - Stopped by Sergei Bobrovsky without a rebound.
9:34 of 3rd period - Claude Giroux wins face-off versus Vincent Trocheck in CAROLINA zone.
9:45 of 3rd period - Shot by Roope Hintz.
9:45 of 3rd period - Stopped by Sergei Bobrovsky with a rebound.
9:47 of 3rd period - Shot by Nino Niederreiter.
9:47 of 3rd period - Stopped by Sergei Bobrovsky with a rebound.
10:00 of 3rd period - Icing by Deryk Engelland.
10:01 of 3rd period - Claude Giroux wins face-off versus Nathan MacKinnon in CAROLINA zone.
10:45 of 3rd period - Icing by Connor Murphy.
10:46 of 3rd period - Max Pacioretty wins face-off versus Nicklas Backstrom in MONTREAL zone.
11:18 of 3rd period - Shot by Nino Niederreiter.
11:18 of 3rd period - Shot Misses the Net.
11:20 of 3rd period - Shot by Nino Niederreiter.
11:20 of 3rd period - Shot Blocked by Brent Burns.
11:24 of 3rd period - Shot by Roope Hintz.
11:24 of 3rd period - Shot Misses the Net.
11:26 of 3rd period - Shot by Nino Niederreiter.
11:26 of 3rd period - Shot Misses the Net.
11:28 of 3rd period - Shot by Vincent Trocheck.
11:28 of 3rd period - Stopped by Sergei Bobrovsky without a rebound.
11:29 of 3rd period - Alex Iafallo wins face-off versus Sam Lafferty in CAROLINA zone.
11:32 of 3rd period - Shot by Phillip Danault.
11:32 of 3rd period - Shot Misses the Net.
11:34 of 3rd period - Shot by Alex Iafallo.
11:34 of 3rd period - Stopped by Sergei Bobrovsky without a rebound.
11:35 of 3rd period - Adam Henrique wins face-off versus Phillip Danault in CAROLINA zone.
11:46 of 3rd period - Shot by Joel Armia.
11:46 of 3rd period - Stopped by Sergei Bobrovsky with a rebound.
11:49 of 3rd period - Phillip Danault is hit by Matt Benning and loses puck.
12:15 of 3rd period - Joel Armia is hit by Sebastian Aho and loses puck.
12:47 of 3rd period - Shot by Roope Hintz.
12:47 of 3rd period - Stopped by Sergei Bobrovsky with a rebound.
12:49 of 3rd period - Shot by Vincent Trocheck.
12:49 of 3rd period - Stopped by Sergei Bobrovsky without a rebound.
12:50 of 3rd period - Patrice Bergeron wins face-off versus Nathan MacKinnon in CAROLINA zone.
13:03 of 3rd period - Nathan MacKinnon is hit by Claude Giroux and loses puck.
14:33 of 3rd period - Shot by Joel L'Esperance.
14:33 of 3rd period - Shot Blocked by Connor Murphy.
14:33 of 3rd period - Connor Murphy from MONTREAL is injured at 14:33 of 3rd period (Sprained Right Finger).
14:34 of 3rd period - Phillip Danault wins face-off versus Claude Giroux in MONTREAL zone.
14:51 of 3rd period - Shot by Shea Weber.
14:51 of 3rd period - Shot Misses the Net.
14:57 of 3rd period - Shot by Claude Giroux.
14:57 of 3rd period - Shot Misses the Net.
14:59 of 3rd period - Shot by Shea Weber.
14:59 of 3rd period - Stopped by Robin Lehner without a rebound.
15:00 of 3rd period - Sam Lafferty wins face-off versus Mark Jankowski in MONTREAL zone.
15:03 of 3rd period - Shot by Adam Henrique.
15:03 of 3rd period - Shot Misses the Net.
15:57 of 3rd period - Shot by Nicklas Backstrom.
15:57 of 3rd period - Stopped by Robin Lehner without a rebound.
15:58 of 3rd period - Vincent Trocheck wins face-off versus Patrice Bergeron in MONTREAL zone.
16:05 of 3rd period - Shot by Vincent Trocheck.
16:05 of 3rd period - Deflect By Nino Niederreiter.
16:05 of 3rd period - Shot Hit the Post.
16:38 of 3rd period - Icing by Tony DeAngelo.
16:39 of 3rd period - Vincent Trocheck wins face-off versus Nicklas Backstrom in MONTREAL zone.
16:46 of 3rd period - Shot by Roope Hintz.
16:46 of 3rd period - Stopped by Sergei Bobrovsky without a rebound.
16:47 of 3rd period - Nicklas Backstrom wins face-off versus Tomas Tatar in CAROLINA zone.
17:05 of 3rd period - Shot by Nicklas Backstrom.
17:05 of 3rd period - Stopped by Robin Lehner without a rebound.
17:06 of 3rd period - Sam Lafferty wins face-off versus Phillip Danault in MONTREAL zone.
18:20 of 3rd period - Off-side.
18:21 of 3rd period - Vincent Trocheck wins face-off versus Nicklas Backstrom in neutral zone.
18:39 of 3rd period - Shot by Nino Niederreiter.
18:39 of 3rd period - Stopped by Sergei Bobrovsky without a rebound.
18:40 of 3rd period - Patrice Bergeron wins face-off versus Mark Jankowski in CAROLINA zone.
19:34 of 3rd period - Minor Penalty to Wayne Simmonds for Hooking.
19:35 of 3rd period - Phillip Danault wins face-off versus Nicklas Backstrom in MONTREAL zone.
19:46 of 3rd period - Shot by Dominik Kubalik.
19:46 of 3rd period - Stopped by Robin Lehner without a rebound.
19:47 of 3rd period - Nicklas Backstrom wins face-off versus Phillip Danault in MONTREAL zone.
19:55 of 3rd period - Off-side.
19:56 of 3rd period - Nicklas Backstrom wins face-off versus Phillip Danault in neutral zone.
19:59 of 3rd period - Shot by Duncan Keith.
19:59 of 3rd period - Shot Blocked by Phillip Danault.
Goals for this period are 0 for CAROLINA vs 0 for MONTREAL.
Shots for this period are 19 for CAROLINA vs 11 for MONTREAL.